| TOP OF THE 1ST |
|
Bristol Pirates batting - Pitching for Kingsport Mets : RHP Raymundo Pato
|
|
Pitching: RHP Raymundo Pato
|
|
|
Batting: SHB Don Hauk
|
0-0: Swinging Strike 0-1: Ground out 3-1 (Groundball, 34, EV 81.9 MPH)
|
|
Batting: RHB Pete Hutton
|
0-0: Ball 1-0: Ball 2-0: Foul Ball, location: 2F 2-1: Foul Ball, location: 2F 2-2: Fly out, F8 (Flyball, 8RM, EV 96.2 MPH)
|
|
Batting: LHB Randy Boone
|
0-0: Called Strike 0-1: Ball 1-1: Ball 2-1: Ball 3-1: Base on Balls
|
|
Batting: RHB Randy Bergman
|
0-0: Called Strike 0-1: Ball 1-1: Swinging Strike 1-2: Foul Ball, location: 2F 1-2: Strikes out swinging
|
| Top of the 1st over - 0 runs, 0 hits, 0 errors, 1 left on base; Bristol 0 - Kingsport 0 |
| BOTTOM OF THE 1ST |
|
Kingsport Mets batting - Pitching for Bristol Pirates : RHP Randy Nelligan
|
|
Pitching: RHP Randy Nelligan
|
|
|
Batting: SHB Tyler Maddux
|
0-0: Ball 1-0: Called Strike 1-1: Ground out 5-3 (Groundball, 56, EV 101.2 MPH)
|
|
Batting: LHB Jeremy Moorehead
|
0-0: Ball 1-0: Ball 2-0: Ball 3-0: Base on Balls
|
|
Batting: LHB Dan Bremseth
|
0-0: Ball 1-0: Foul Ball, location: 2F 1-1: Ball 2-1: Foul Ball, location: 2F 2-2: Ball 3-2: 2-RUN HOME RUN (Flyball, 78XD, EV 100.0 MPH), Distance : 419 ft
|
|
Batting: LHB Miguel Ramos
|
0-0: Ground out 1-3 (Groundball, 13, EV 60.6 MPH)
|
|
Batting: RHB Coltin Nellis
|
0-0: Ball 1-0: Ball 2-0: Called Strike 2-1: Ball 3-1: Base on Balls
|
|
Batting: RHB Danny Runberg
|
0-0: Called Strike 0-1: Ball 1-1: Called Strike 1-2: Strikes out swinging
|
| Bottom of the 1st over - 2 runs, 1 hit, 0 errors, 1 left on base; Bristol 0 - Kingsport 2 |
| TOP OF THE 2ND |
|
Bristol Pirates batting - Pitching for Kingsport Mets : RHP Raymundo Pato
|
|
Batting: RHB Alain Marquet
|
0-0: Called Strike 0-1: Swinging Strike 0-2: Ball 1-2: Ball 2-2: Ball 3-2: Base on Balls
|
|
Batting: RHB Steve Terres
|
0-0: Called Strike 0-1: Ball Wild Pitch! Alain Marquet to second 1-1: Swinging Strike Passed Ball! Alain Marquet to third 1-2: Strikes out swinging
|
|
Batting: RHB Andrew DeRicco
|
0-0: Ball 1-0: SINGLE (Groundball, 6MD, EV 96.9 MPH) Alain Marquet scores
|
|
Batting: RHB Rob Colley
|
0-0: Ball Passed Ball! Andrew DeRicco to second 1-0: Ball 2-0: Ball 3-0: Base on Balls
|
|
Batting: RHB Erik Mulligan
|
0-0: Ball Passed Ball! Andrew DeRicco to third Rob Colley to second 1-0: Called Strike 1-1: Ball 2-1: Ball 3-1: Foul Ball, location: 2F 3-2: Strikes out swinging
|
|
Batting: SHB Don Hauk
|
0-0: Ground out 4-3 (Groundball, 4, EV 99.4 MPH)
|
| Top of the 2nd over - 1 run, 1 hit, 0 errors, 2 left on base; Bristol 1 - Kingsport 2 |
| BOTTOM OF THE 2ND |
|
Kingsport Mets batting - Pitching for Bristol Pirates : RHP Randy Nelligan
|
|
Batting: LHB Jason Jones
|
0-0: Ball 1-0: Ball 2-0: Ball 3-0: Base on Balls
|
|
Batting: RHB Warren Carmichael
|
0-0: Ball 1-0: SINGLE (Flyball, 9, EV 88.1 MPH) Jason Jones to second
|
|
Batting: RHB Roberto Delgado
|
0-0: Ball 1-0: Swinging Strike 1-1: Ball 2-1: Called Strike 2-2: Grounds into double play, 5-4-3 (Groundball, 5, EV 86.9 MPH) Jason Jones to third
|
|
Batting: SHB Tyler Maddux
|
0-0: Called Strike 0-1: Ball 1-1: Called Strike 1-2: SINGLE (Groundball, 4D, EV 95.0 MPH) Jason Jones scores
|
|
Batting: LHB Jeremy Moorehead
|
0-0: Called Strike 0-1: Ball 1-1: Ball 2-1: Foul Ball, location: 2F 2-2: Foul Ball, location: 2F 2-2: Ground out 5-3 (Groundball, 56, EV 87.5 MPH)
|
| Bottom of the 2nd over - 1 run, 2 hits, 0 errors, 1 left on base; Bristol 1 - Kingsport 3 |
| TOP OF THE 3RD |
|
Bristol Pirates batting - Pitching for Kingsport Mets : RHP Raymundo Pato
|
|
Batting: RHB Pete Hutton
|
0-0: Ground out 6-3 (Groundball, P, EV 84.4 MPH)
|
|
Batting: LHB Randy Boone
|
0-0: Ball 1-0: Ball 2-0: Called Strike 2-1: Swinging Strike 2-2: Ground out 4-3 (Groundball, 4, EV 86.2 MPH)
|
|
Batting: RHB Randy Bergman
|
0-0: Ball 1-0: Ball 2-0: Called Strike 2-1: Called Strike 2-2: Foul Ball, location: 2F 2-2: SOLO HOME RUN (Flyball, 7LD, EV 96.2 MPH), Distance : 354 ft
|
|
Batting: RHB Alain Marquet
|
0-0: Ball 1-0: Fly out, F7 (Flyball, 7LM, EV 84.4 MPH)
|
| Top of the 3rd over - 1 run, 1 hit, 0 errors, 0 left on base; Bristol 2 - Kingsport 3 |
| BOTTOM OF THE 3RD |
|
Kingsport Mets batting - Pitching for Bristol Pirates : RHP Randy Nelligan
|
|
Batting: LHB Dan Bremseth
|
0-0: Ball 1-0: Foul Ball, location: 2F 1-1: SINGLE (Groundball, 34S, EV 70.0 MPH) (infield hit)
|
|
Batting: LHB Miguel Ramos
|
0-0: Foul Ball, location: 2F 0-1: Called Strike 0-2: Ball 1-2: Ball 2-2: SINGLE (Groundball, 4, EV 106.9 MPH) Dan Bremseth to second Runner from 2nd tries for 3rd, SAFE, no throw by CF
|
|
Batting: RHB Coltin Nellis
|
0-0: Ball 1-0: Ball 2-0: Fielders Choice at 2nd, 6-4 (Groundball, 6, EV 88.1 MPH) Dan Bremseth scores
|
|
Batting: RHB Danny Runberg
|
0-0: Called Strike 0-1: Ball 1-1: Ball Coltin Nellis is caught stealing 2nd base 2-4 2-1: Ball 3-1: Ground out 5-3 (Groundball, 5, EV 90.0 MPH)
|
| Bottom of the 3rd over - 1 run, 2 hits, 0 errors, 0 left on base; Bristol 2 - Kingsport 4 |
| TOP OF THE 4TH |
|
Bristol Pirates batting - Pitching for Kingsport Mets : RHP Raymundo Pato
|
|
Batting: RHB Steve Terres
|
0-0: Fly out, F9 (Flyball, 89M, EV 85.0 MPH)
|
|
Batting: RHB Andrew DeRicco
|
0-0: Called Strike 0-1: Called Strike 0-2: SINGLE (Line Drive, 34D, EV 95.6 MPH)
|
|
Batting: RHB Rob Colley
|
0-0: Called Strike 0-1: Swinging Strike 0-2: Ball 1-2: Strikes out swinging
|
|
Batting: RHB Erik Mulligan
|
0-0: Ball Passed Ball! Andrew DeRicco to second 1-0: Called Strike 1-1: Ball Passed Ball! Andrew DeRicco to third 2-1: Ground out 6-3 (Groundball, 6, EV 78.8 MPH)
|
| Top of the 4th over - 0 runs, 1 hit, 0 errors, 1 left on base; Bristol 2 - Kingsport 4 |
| BOTTOM OF THE 4TH |
|
Kingsport Mets batting - Pitching for Bristol Pirates : RHP Randy Nelligan
|
|
Batting: LHB Jason Jones
|
0-0: Ground out 4-3 (Groundball, 4, EV 98.8 MPH)
|
|
Batting: RHB Warren Carmichael
|
0-0: DOUBLE (Groundball, 3L, EV 97.5 MPH)
|
|
Batting: RHB Roberto Delgado
|
0-0: Ground out 6-3 (Groundball, 6, EV 82.5 MPH)
|
|
Batting: SHB Tyler Maddux
|
0-0: Ball 1-0: Ball 2-0: Foul Ball, location: 2F 2-1: Ball 3-1: Base on Balls
|
|
Batting: LHB Jeremy Moorehead
|
0-0: Called Strike 0-1: Ball 1-1: Foul Ball, location: 2F 1-2: Foul Ball, location: 2F 1-2: Ball 2-2: 3-RUN HOME RUN (Flyball, 9LD, EV 94.4 MPH), Distance : 347 ft
|
|
Batting: LHB Dan Bremseth
|
0-0: Called Strike 0-1: Foul Ball, location: 2F 0-2: Ball 1-2: Foul Ball, location: 2F 1-2: Fly out, F6 (Popup, 6M, EV 55.0 MPH)
|
| Bottom of the 4th over - 3 runs, 2 hits, 0 errors, 0 left on base; Bristol 2 - Kingsport 7 |
| TOP OF THE 5TH |
|
Bristol Pirates batting - Pitching for Kingsport Mets : RHP Raymundo Pato
|
|
Batting: SHB Don Hauk
|
0-0: Ball 1-0: Called Strike 1-1: Ground out 6-3 (Groundball, 6, EV 101.9 MPH)
|
|
Batting: RHB Pete Hutton
|
0-0: Ball 1-0: Ball 2-0: Fly out, F7 (Flyball, 7S, EV 88.8 MPH)
|
|
Batting: LHB Randy Boone
|
0-0: Ball 1-0: Ball 2-0: Ball 3-0: Base on Balls
|
|
Batting: RHB Randy Bergman
|
0-0: Called Strike 0-1: Ball Passed Ball! Randy Boone to second 1-1: Foul Ball, location: 2F 1-2: Ball 2-2: Foul Ball, location: 2F 2-2: Foul Ball, location: 2F 2-2: Ball 3-2: SINGLE (Line Drive, 78S, EV 104.4 MPH) Randy Boone to third Runner from 3rd tries for Home, SAFE, throw by LF to home
|
|
Batting: RHB Alain Marquet
|
0-0: Ball Wild Pitch! Randy Bergman to second 1-0: Ball 2-0: Swinging Strike 2-1: Foul Ball, location: 2F 2-2: Fly out, F8 (Flyball, 78M, EV 95.0 MPH)
|
| Top of the 5th over - 1 run, 1 hit, 0 errors, 1 left on base; Bristol 3 - Kingsport 7 |
| BOTTOM OF THE 5TH |
|
Kingsport Mets batting - Pitching for Bristol Pirates : RHP Randy Nelligan
|
|
Batting: LHB Miguel Ramos
|
0-0: Ball 1-0: Ground out 4-3 (Groundball, 4, EV 85.0 MPH)
|
|
Batting: RHB Coltin Nellis
|
0-0: Ball 1-0: SINGLE (Groundball, 56D, EV 104.4 MPH)
|
|
Batting: RHB Danny Runberg
|
0-0: Called Strike 0-1: Swinging Strike 0-2: Strikes out swinging
|
|
Batting: LHB Jason Jones
|
0-0: Foul Ball, location: 2F 0-1: Fly out, F8 (Flyball, 8RD, EV 93.1 MPH)
|
| Bottom of the 5th over - 0 runs, 1 hit, 0 errors, 1 left on base; Bristol 3 - Kingsport 7 |
| TOP OF THE 6TH |
|
Bristol Pirates batting - Pitching for Kingsport Mets : RHP Raymundo Pato
|
|
Batting: RHB Steve Terres
|
0-0: Called Strike 0-1: Ball 1-1: Ground out U3 (Groundball, 34, EV 81.2 MPH)
|
|
Batting: RHB Andrew DeRicco
|
0-0: Ball 1-0: Ball 2-0: SINGLE (Line Drive, 8LS, EV 112.5 MPH)
|
|
Batting: RHB Rob Colley
|
0-0: Foul Ball, location: 2F 0-1: Ball 1-1: Reached on error, E6 (Groundball, 6, EV 86.2 MPH) Andrew DeRicco to second
|
|
Batting: RHB Erik Mulligan
|
0-0: Called Strike Passed Ball! Andrew DeRicco to third Rob Colley to second 0-1: Swinging Strike 0-2: Ball 1-2: Foul Ball, location: 2F 1-2: Strikes out swinging
|
|
Batting: SHB Don Hauk
|
0-0: Foul Ball, location: 2F 0-1: Ball 1-1: Ground out 5-3 (Groundball, 56, EV 102.5 MPH)
|
| Top of the 6th over - 0 runs, 1 hit, 1 error, 2 left on base; Bristol 3 - Kingsport 7 |
| BOTTOM OF THE 6TH |
|
Kingsport Mets batting - Pitching for Bristol Pirates : RHP Randy Nelligan
|
|
Pitching: RHP Onne Stubbe
|
|
|
Batting: RHB Warren Carmichael
|
0-0: Foul Ball, location: 2F 0-1: DOUBLE (Flyball, 8RD, EV 94.4 MPH)
|
|
Batting: RHB Roberto Delgado
|
0-0: Called Strike 0-1: Called Strike 0-2: Ball 1-2: Strikes out swinging
|
|
Batting: SHB Tyler Maddux
|
0-0: Ball 1-0: Called Strike 1-1: Foul Ball, location: 2F 1-2: Ball 2-2: Ball 3-2: Base on Balls
|
|
Batting: LHB Jeremy Moorehead
|
0-0: Ball Wild Pitch! Warren Carmichael to third Tyler Maddux to second 1-0: Ball 2-0: Called Strike 2-1: Ball 3-1: Fly out, F8 (Line Drive, 8LS, EV 91.2 MPH) Runner from 3rd tags up, SCORES, throw by CF Tyler Maddux to third
|
|
Batting: LHB Dan Bremseth
|
0-0: Foul Ball, location: 2F 0-1: Ball 1-1: Foul Ball, location: 2F 1-2: Ball 2-2: Foul Ball, location: 2F 2-2: Foul Ball, location: 2F 2-2: 2-RUN HOME RUN (Flyball, 9D, EV 100.0 MPH), Distance : 381 ft
|
|
Batting: LHB Miguel Ramos
|
0-0: Fly out, F9 (Line Drive, 89M, EV 103.1 MPH)
|
| Bottom of the 6th over - 3 runs, 2 hits, 0 errors, 0 left on base; Bristol 3 - Kingsport 10 |
| TOP OF THE 7TH |
|
Bristol Pirates batting - Pitching for Kingsport Mets : RHP Raymundo Pato
|
|
Batting: RHB Pete Hutton
|
0-0: Foul Ball, location: 2F 0-1: Ball 1-1: Fly out, F9 (Flyball, 9LS, EV 90.0 MPH)
|
|
Batting: LHB Randy Boone
|
0-0: Ball 1-0: Ball 2-0: Ball 3-0: Called Strike 3-1: Foul Ball, location: 2F 3-2: Foul Ball, location: 2F 3-2: Base on Balls
|
|
Pitching: RHP Jose Herrera
|
|
|
Batting: RHB Randy Bergman
|
0-0: Ball Randy Boone steals 2nd base (no throw) 1-0: Called Strike 1-1: Swinging Strike 1-2: Ball 2-2: Fly out, F6 (Line Drive, 6, EV 63.1 MPH)
|
|
Batting: RHB Alain Marquet
|
0-0: Foul Ball, location: 2F 0-1: Ball 1-1: Called Strike 1-2: Ball 2-2: Foul Ball, location: 2F 2-2: Strikes out looking
|
| Top of the 7th over - 0 runs, 0 hits, 0 errors, 1 left on base; Bristol 3 - Kingsport 10 |
| BOTTOM OF THE 7TH |
|
Kingsport Mets batting - Pitching for Bristol Pirates : RHP Onne Stubbe
|
|
Batting: RHB Coltin Nellis
|
0-0: Called Strike 0-1: Called Strike 0-2: Ball 1-2: Ground out 4-3 (Groundball, 4, EV 84.4 MPH)
|
|
Batting: RHB Danny Runberg
|
0-0: Ball 1-0: Swinging Strike 1-1: Called Strike 1-2: Strikes out swinging
|
|
Batting: LHB Jason Jones
|
0-0: SINGLE (Line Drive, 8RS, EV 88.8 MPH)
|
|
Batting: RHB Warren Carmichael
|
0-0: Ball 1-0: 2-RUN HOME RUN (Flyball, 89XD, EV 104.4 MPH), Distance : 409 ft
|
|
Batting: RHB Roberto Delgado
|
0-0: Ball 1-0: Ground out 6-3 (Groundball, P, EV 81.2 MPH)
|
| Bottom of the 7th over - 2 runs, 2 hits, 0 errors, 0 left on base; Bristol 3 - Kingsport 12 |
| TOP OF THE 8TH |
|
Bristol Pirates batting - Pitching for Kingsport Mets : RHP Jose Herrera
|
|
Batting: RHB Steve Terres
|
0-0: Ball 1-0: Called Strike 1-1: Called Strike 1-2: DOUBLE (Flyball, 8RXD, EV 105.6 MPH)
|
|
Batting: RHB Andrew DeRicco
|
0-0: Fly out, F4 (Line Drive, 4D, EV 72.5 MPH)
|
|
Batting: RHB Rob Colley
|
0-0: Ball 1-0: Ball Passed Ball! Steve Terres to third 2-0: Ball Passed Ball! Steve Terres scores 3-0: Base on Balls
|
|
Pitching: RHP Pat Sprague
|
|
|
Batting: RHB Erik Mulligan
|
0-0: Ball 1-0: Called Strike 1-1: Foul Ball, location: 2F 1-2: Ball Passed Ball! Rob Colley to second 2-2: Ground out 6-3 (Groundball, 6, EV 104.4 MPH)
|
|
Batting: SHB Don Hauk
|
0-0: Called Strike 0-1: Ball 1-1: Ball Passed Ball! Rob Colley to third 2-1: Foul Ball, location: 2F 2-2: Foul Ball, location: 2F 2-2: Ball 3-2: SINGLE (Line Drive, 9S, EV 105.6 MPH) Rob Colley scores
|
|
Batting: RHB Pete Hutton
|
0-0: Called Strike 0-1: Ball 1-1: Fly out, F4 (Line Drive, 4, EV 62.5 MPH)
|
| Top of the 8th over - 2 runs, 2 hits, 0 errors, 1 left on base; Bristol 5 - Kingsport 12 |
| BOTTOM OF THE 8TH |
|
Kingsport Mets batting - Pitching for Bristol Pirates : RHP Onne Stubbe
|
|
Batting: SHB Tyler Maddux
|
0-0: Ball 1-0: Ball 2-0: Called Strike 2-1: Foul Ball, location: 2F 2-2: Ball 3-2: Foul Ball, location: 2F 3-2: Base on Balls
|
|
Pinch Hitting: LHB Matt Baker
|
0-0: Ball Tyler Maddux steals 2nd base 1-0: SINGLE (Groundball, P, EV 85.0 MPH) (infield hit) Tyler Maddux to third
|
|
Batting: LHB Dan Bremseth
|
0-0: Ball 1-0: Ball 2-0: Called Strike 2-1: SINGLE (Groundball, 15S, EV 71.9 MPH) (infield hit) Matt Baker to second
|
|
Batting: LHB Miguel Ramos
|
0-0: Ball 1-0: Ball 2-0: Ball 3-0: Called Strike 3-1: Base on Balls Tyler Maddux scores Matt Baker to third Dan Bremseth to second
|
|
Batting: RHB Coltin Nellis
|
0-0: DOUBLE (Groundball, 5L, EV 94.4 MPH) Matt Baker scores Dan Bremseth scores Miguel Ramos to third
|
|
Pitching: LHP Adam Clarke
|
|
|
Batting: RHB Danny Runberg
|
0-0: Ball 1-0: Called Strike 1-1: Ball 2-1: Ball 3-1: Ground out 5-3 (Groundball, 56, EV 82.5 MPH) Miguel Ramos scores
|
|
Batting: LHB Jason Jones
|
0-0: Ball 1-0: SINGLE (Line Drive, 78S, EV 106.2 MPH) Coltin Nellis to third Runner from 3rd tries for Home, throw by LF and OUT! 7-2
|
|
Batting: RHB Warren Carmichael
|
0-0: Ball 1-0: Ball 2-0: Called Strike 2-1: Foul Ball, location: 2F 2-2: Foul Ball, location: 2F 2-2: Strikes out swinging
|
| Bottom of the 8th over - 4 runs, 4 hits, 0 errors, 1 left on base; Bristol 5 - Kingsport 16 |
| TOP OF THE 9TH |
|
Bristol Pirates batting - Pitching for Kingsport Mets : RHP Pat Sprague
|
|
Now in CF: Matt Baker
|
|
|
Now in RF: Dan Bremseth
|
|
|
Batting: LHB Randy Boone
|
0-0: Ball 1-0: Ball 2-0: Foul Ball, location: 2F 2-1: SINGLE (Groundball, 34D, EV 95.0 MPH)
|
|
Pitching: LHP Matt Allert
|
|
|
Batting: RHB Randy Bergman
|
0-0: Called Strike 0-1: Ball Passed Ball! Randy Boone to second 1-1: SINGLE (Flyball, 8LS, EV 90.0 MPH) Randy Boone to third
|
|
Batting: RHB Alain Marquet
|
0-0: Called Strike 0-1: Swinging Strike Passed Ball! Randy Boone scores Randy Bergman to second 0-2: Foul Ball, location: 2F 0-2: Strikes out swinging
|
|
Batting: RHB Steve Terres
|
0-0: Ball 1-0: Foul Ball, location: 2F 1-1: Swinging Strike Passed Ball! Randy Bergman to third 1-2: Strikes out swinging
|
|
Batting: RHB Andrew DeRicco
|
0-0: Ball 1-0: Ball 2-0: Foul Ball, location: 2F 2-1: Ball Passed Ball! Randy Bergman scores 3-1: Swinging Strike 3-2: DOUBLE (Line Drive, 7LM, EV 93.8 MPH)
|
|
Batting: RHB Rob Colley
|
0-0: Ball Passed Ball! Andrew DeRicco to third 1-0: Ball 2-0: Foul Ball, location: 2F 2-1: Ground out U3 (Groundball, 3S, EV 61.9 MPH)
|
| Top of the 9th over - 2 runs, 3 hits, 0 errors, 1 left on base; Bristol 7 - Kingsport 16 |
|